 Dungeon Crawl Stone Soup version 0.21.1-1-g345015fe64 (webtiles) character file.

548 DildoBatman the Skirmisher (level 7, 0/56 HPs)
             Began as a Formicid Enchanter on Feb 11, 2018.
             Slain by a mummy (15 damage)
             ... in an ossuary.
             The game lasted 00:18:11 (5145 turns).

DildoBatman the Skirmisher (Formicid Enchanter)     Turns: 5145, Time: 00:18:12

Health: 0/56       AC:  5    Str: 15    XL:     7   Next: 54%
Magic:  2/10       EV: 12    Int: 14    God:
Gold:   164        SH:  0    Dex: 11    Spells: 6/10 levels left

rFire    . . .     SeeInvis +   a - +4 dagger
rCold    . . .     Gourm    .   (no shield)
rNeg     . . .     Faith    .   i - +0 ring mail
rPois    .         Spirit   .   (helmet unavailable)
rElec    .         Reflect  .   (no cloak)
rCorr    .         Harm     .   (no gloves)
MR       .....                  (no boots)
Stlth    ++........             (no amulet)
HPRegen  0.18/turn              s - +1 ring of evasion
MPRegen  0.12/turn              y - ring of flight

@: no status effects
A: permanent stasis, dig shafts and tunnels, four strong arms, antennae 3
a: Dig, Shaft Self, Evoke Flight


You were in an ossuary.
You were hungry.

You visited 1 branch of the dungeon, and saw 5 of its levels.
You also visited: Ossuary.

You collected 164 gold pieces.

Inventory:

Hand Weapons
 a - a +4 dagger (weapon)
 b - a +0 whip of flaming
 c - a +0 dagger of venom
 x - a +1 dagger of draining
Armour
 i - a +0 ring mail (worn)
 u - the +5 shield "Kead" {Regen+, unknown}
   (You found it on level 6 of the Dungeon)

   It increases your rate of regeneration.
Jewellery
 s - a +1 ring of evasion (left hand)
 y - a ring of flight (right hand)
Scrolls
 e - 3 scrolls of noise
 g - a scroll of random uselessness {unknown}
 h - a scroll of fog {unknown}
 j - a scroll of blinking {unknown}
 m - 3 scrolls of remove curse
 t - a scroll of immolation {unknown}
 w - a scroll of magic mapping {unknown}
 z - 3 scrolls of identify
Potions
 d - a potion of lignification {unknown}
 f - 3 potions of heal wounds
 k - a potion of invisibility {unknown}
 n - 2 potions of ambrosia
 o - 3 potions of curing {unknown}
 q - a potion of agility {unknown}
 r - 2 potions of flight {unknown}
 A - a potion of resistance {unknown}
Books
 l - a book of Frost

   Spells                             Type                      Level
   a - Freeze                         Ice                          1
   b - Throw Frost                    Conjuration/Ice              2
   c - Ozocubu's Armour               Charms/Ice                   3
   d - Throw Icicle                   Conjuration/Ice              4
   e - Summon Ice Beast               Ice/Summoning                4
 p - a book of Maledictions

   Spells                             Type                      Level
   a - Corona                         Hexes                        1
   b - Ensorcelled Hibernation        Hexes/Ice                    2
   c - Confuse                        Hexes                        3
   d - Tukima's Dance                 Hexes                        3
   e - Dazzling Spray                 Conjuration/Hexes            3
Comestibles
 v - 7 rations


   Skills:
 * Level 5.3 Fighting
 - Level 1.0 Short Blades
 * Level 4.0 Armour
 * Level 3.0 Dodging
 * Level 5.0 Stealth
 - Level 2.1 Spellcasting
 - Level 3.6 Hexes


You had 6 spell levels left.
You knew the following spells:

 Your Spells              Type           Power        Failure   Level  Hunger
a - Corona                Hex            ##.....      10%         1    #......
b - Confuse               Hex            ##......     28%         3    ###....


Dungeon Overview and Level Annotations

Branches:
Dungeon (6/15)
 Temple: D:4-7

Altars:
Ashenzari
Cheibriados
Makhleb
Trog
The Shining One

Annotations:
D:6 Sigmund


Innate Abilities, Weirdness & Mutations

You cannot be hasted, slowed, berserked, paralysed or teleported.
You can dig through walls and to a lower floor.
Your four strong arms can wield two-handed weapons with a shield.
You have a pair of large antennae on your head. (SInv)


Message History

You hit the mummy but do no damage.
The mummy is almost destroyed.
The mummy hits you but does no damage.
Your magical contamination has completely faded away.
You hit the mummy.
The mummy is almost destroyed.
You hit the mummy.
The mummy is almost destroyed.
The mummy hits you!
You completely miss the mummy.
The mummy is almost destroyed.
The mummy stops glowing.
Casting: Corona
Confirm with . or Enter, or press ? or * to list all spells.
Aiming: Corona
Press: ? - help, Shift-Dir - straight line, f/p - mummy
Aim: a mummy (almost destroyed, chance to defeat MR: 47%)
The mummy is outlined in light.
The mummy hits you!
You die...

#..###.......##
{+...#.........#
{
#...M....⌠....{
{+...#.........#
{
#.^###.......##
{+.## ##..Z..##
{ #M# ###M###
#.# #M# !!.
##@## !!. #.∩.#
#### #.∩^# #####


You could see 2 mummies and a human zombie.

Vanquished Creatures
  An ice beast (D:6)
  A bullfrog (D:3)
  A howler monkey (D:4)
  A hound (D:4)
  An orc wizard (D:4)
  An iguana (D:4)
  2 mummies (Ossuary)
  7 adders
  7 gnolls (D:4)
  An ooze (D:1)
  An adder skeleton (D:4)
  4 worms
  2 dart slugs
  4 leopard geckos
  11 orcs
  3 ball pythons
  11 bats
  5 giant cockroaches
  6 hobgoblins
  2 jackals (D:3)
  10 kobolds
  A quokka (D:4)
  5 frilled lizards
  7 goblins
  6 rats
101 creatures vanquished.

Notes
Turn   | Place    | Note
-------+----------+-------------------------------------------
     0 | D:1      | DildoBatman the Formicid Enchanter began the quest for the Orb.
     0 | D:1      | Reached XP level 1. HP: 13/13 MP: 3/3
    34 | D:1      | Reached skill level 1 in Fighting
    65 | D:1      | Reached XP level 2. HP: 15/21 MP: 1/5
   645 | D:1      | Reached XP level 3. HP: 28/28 MP: 4/6
   650 | D:1      | Learned a level 3 spell: Confuse
  1473 | D:2      | Reached XP level 4. HP: 17/35 MP: 4/7
  1733 | D:2      | Reached skill level 1 in Armour
  1975 | D:2      | Found a snail-covered altar of Cheibriados.
  2454 | D:3      | Found a burning altar of Makhleb.
  2454 | D:3      | Found a glowing golden altar of the Shining One.
  2454 | D:3      | Found a bloodstained altar of Trog.
  2461 | D:3      | Found a shattered altar of Ashenzari.
  2540 | D:3      | Reached XP level 5. HP: 33/41 MP: 6/8
  3068 | D:3      | Noticed a bullfrog
  3075 | D:3      | Killed a bullfrog
  3148 | D:3      | Reached XP level 6. HP: 42/47 MP: 3/9
  4187 | D:4      | Reached skill level 5 in Stealth
  4470 | D:4      | Reached XP level 7. HP: 45/54 MP: 8/10
  4760 | D:4      | You fall through a shaft for 2 floors!
  4771 | D:6      | Got a translucent shield
  4777 | D:6      | Found a sand-covered staircase.
  4793 | D:6      | Noticed Sigmund
  4904 | D:6      | Reached skill level 5 in Fighting
  5016 | Ossuary  | Entered an ossuary
  5145 | Ossuary  | Slain by a mummy

Skill      XL: |  1  2  3  4  5  6  7 |
---------------+----------------------+-----
Fighting       | 1 2 3 4 5 |  5.3
Dodging        | 2 3 |  3.0
Armour         | 2 3 4 |  4.0
Stealth        | 4 5 |  5.0
Short Blades   | |  1.0
Spellcasting   | |  2.1
Hexes          | |  3.6

Action                   |  1- 3 |  4- 6 |  7- 9 || total
-------------------------+-------+-------+-------++-------
Melee: Dagger            |    98 |   274 |    62 ||   434
       Whip              |       |       |    10 ||    10
 Cast: Corona            |    29 |    61 |    15 ||   105
       Confuse           |       |       |     1 ||     1
 Abil: Dig               |       |     2 |       ||     2
  Use: Scroll            |       |     6 |     1 ||     7
       Potion            |       |     1 |       ||     1
 Stab: Sleeping          |     5 |     8 |       ||    13
  Eat: Chunk             |     2 |    12 |     2 ||    16
Armor: Ring mail         |    19 |    85 |     7 ||   111
       Robe              |     3 |       |       ||     3
Dodge: Dodged            |    59 |   159 |    29 ||   247
